 Dungeon Crawl Stone Soup version 0.17.0-28-g6e173f8 (webtiles) character file.

2376 Holeefuk the Cleaver (level 9, 81/81 HPs)
             Began as a Hill Orc Fighter on Nov 29, 2015.
             Was an Initiate of Okawaru.
             Got out of the dungeon alive.
             The game lasted 00:28:26 (5571 turns).

Holeefuk the Cleaver (Hill Orc Fighter)             Turns: 5571, Time: 00:28:26

Health: 81/81      AC: 10    Str: 22    XL:     9   Next: 45%
Magic:  9/9        EV:  7    Int:  8    God:    Okawaru [......]
Gold:   369        SH:  9    Dex: 10    Spells: 0 memorised, 8 levels left

rFire  . . .     SeeInvis .     a - +0 war axe
rCold  . . .     Clarity  .     b - +0 scale mail
rNeg   . . .     SustAt   .     c - +0 shield
rPois  .         Gourm    .     (no helmet)
rElec  .         Spirit   .     x - +0 cloak
rCorr  .         Warding  .     t - +0 pair of gloves
rMut   +         Rnd*Tele +     (no boots)
MR     +....                    g - amulet of resist mutation
Stlth  ..........               h - ring of protection from magic
                                K - ring of teleportation (curse)

@: somewhat resistant to hostile enchantments, extremely unstealthy
A: no striking features
a: Renounce Religion, Evoke Teleportation


You escaped.
You worshipped Okawaru.
Okawaru was noncommittal.
You were very hungry.

You visited 1 branch of the dungeon, and saw 7 of its levels.
You also visited: Sewer and Ossuary.

You collected 369 gold pieces.

Inventory:

Hand Weapons
 a - a +0 war axe (weapon)
Armour
 b - a +0 scale mail (worn)
 c - a +0 shield (worn)
 o - a +0 cloak
 t - a +0 pair of gloves (worn)
 x - a +0 cloak (worn)
Jewellery
 g - an amulet of resist mutation (around neck)
 h - a ring of protection from magic (right hand)
 C - an uncursed ring of poison resistance
 D - an uncursed ring of flight
 H - a +3 ring of dexterity
 K - a cursed ring of teleportation (left hand)
Wands
 n - a wand of frost (20)
 I - a wand of lightning (1)
Scrolls
 j - 2 scrolls of recharging {unknown}
 l - 10 scrolls of identify {unknown}
 m - 2 scrolls of amnesia {unknown}
 p - 4 scrolls of immolation {unknown}
 u - 2 scrolls of random uselessness {unknown}
 w - a scroll of fear {unknown}
 y - 4 scrolls of blinking {unknown}
 A - a scroll of noise {unknown}
 B - 2 scrolls of enchant weapon {unknown}
 E - 5 scrolls of teleportation {unknown}
 F - 5 scrolls of remove curse {unknown}
 G - a scroll of magic mapping {unknown}
 J - a scroll of enchant armour {unknown}
Potions
 d - 5 potions of might
 f - 3 potions of brilliance {unknown}
 i - 7 potions of curing {unknown}
 k - 3 potions of heal wounds {unknown}
 r - 2 potions of cancellation
 s - 5 potions of lignification {unknown}
 v - 2 potions of poison {unknown}
Books
 z - a book of Conjurations

   Spells                             Type                      Level
   a - Magic Dart                     Conjuration                  1
   b - Searing Ray                    Conjuration                  2
   c - Dazzling Spray                 Conjuration/Hexes            3
   d - Fulminant Prism                Conjuration/Hexes            4
   e - Iskenderun's Mystic Blast      Conjuration                  4
   f - Iskenderun's Battlesphere      Conjuration/Charms           5
Comestibles
 e - 4 bread rations
 q - 3 meat rations


   Skills:
 - Level 8.0 Fighting
 * Level 12.9 Axes
 - Level 5.5 Armour
 - Level 3.2 Shields


You had 8 spell levels left.
You didn't know any spells.

Dungeon Overview and Level Annotations

Branches:
Dungeon (7/15)
 Temple: D:4-7

Altars:
Ashenzari
Dithmenos
Fedhas
Kikubaaqudgha
Okawaru
Qazlal
Ru
Trog
Vehumet
Yredelemnul

Shops:
D:4 :


Message History

You are feeling very hungry.
There is a stone staircase leading up here.
You climb upwards.
There is a stone staircase leading down here.
A rat comes into view.
The rat moves out of view.
The rat is too close now for your liking.
A rat is nearby!
You block the rat's attack.
You slash the rat!
You kill the rat!
No target in view!
No target in view!
Things that are here:
a ring mail; a club
There is an open door here.
There is an open door here.
There is a staircase leading out of the dungeon here.
Are you sure you want to leave the Dungeon?
This will make you lose the game!
You have escaped!

##'## ##>## ##'##
##..†######...######...##
#.......................#
#..⌠........⌠........⌠..#
#.......................#
##...######...######...##
##### #####'##### #####
##.........##
#..♣..@..♣..#
##.........## ###########


There were no monsters in sight!

Vanquished Creatures
  Prince Ribbit (D:6)
  2 sky beasts (D:5)
  2 black bears (D:6)
  3 ice beasts
  A giant frog (Sewer)
  2 scorpions (D:5)
  5 wights
  2 crimson imps (D:5)
  A quasit (D:6)
  Crazy Yiuf (D:2)
  5 hounds
  2 human zombies (Ossuary)
  3 centaur skeletons
  2 iguanas
  2 orc wizards
  7 worker ants
  2 big kobold zombies (Ossuary)
  2 hound skeletons
  4 mummies (Ossuary)
  3 gnolls (D:3)
  14 adders
  A shadow imp (D:6)
  9 oozes
  3 adder skeletons
  A worm (D:5)
  2 adder zombies
  15 giant geckos
  12 orcs
  15 giant cockroaches
  7 hobgoblins
  6 kobolds
  4 quokkas
  9 ball pythons
  11 bats
  A giant gecko zombie (D:6)
  12 giant newts
  9 goblins
  A jackal skeleton (D:6)
  A kobold zombie (Ossuary)
  4 orc zombies (Ossuary)
  A quokka skeleton (D:3)
  40 rats
  2 rat zombies (Ossuary)
232 creatures vanquished.

Vanquished Creatures (others)
  An adder (D:2)
1 creature vanquished.

Grand Total: 233 creatures vanquished

Notes
Turn   | Place    | Note
--------------------------------------------------------------
     0 | D:1      | Holeefuk the Hill Orc Fighter began the quest for the Orb.
     0 | D:1      | Reached XP level 1. HP: 19/19 MP: 1/1
   123 | D:1      | Reached XP level 2. HP: 12/26 MP: 2/2
   459 | D:1      | Reached skill level 4 in Axes
   776 | D:2      | Found a radiant altar of Vehumet.
   792 | D:2      | Found a bloodstained altar of Trog.
   792 | D:2      | Found an iron altar of Okawaru.
   838 | D:2      | Reached XP level 3. HP: 31/31 MP: 3/3
   910 | D:2      | Reached skill level 5 in Axes
   966 | D:2      | Reached XP level 4. HP: 33/39 MP: 4/4
  1076 | D:2      | Reached skill level 6 in Axes
  1236 | D:2      | Noticed Crazy Yiuf
  1243 | D:2      | Killed Crazy Yiuf
  1291 | D:2      | Found an ancient bone altar of Kikubaaqudgha.
  1420 | D:3      | Reached XP level 5. HP: 27/47 MP: 5/5
  1441 | D:3      | Noticed a fire elemental
  1449 | D:3      | Noticed an air elemental
  1451 | D:3      | Found a stormy altar of Qazlal.
  1557 | D:3      | Reached skill level 5 in Fighting
  1593 | D:3      | Found a glowing drain.
  1627 | Sewer    | Entered a sewer
  1762 | Sewer    | Reached XP level 6. HP: 28/56 MP: 6/6
  1827 | Sewer    | Reached skill level 7 in Axes
  2019 | Sewer    | Reached skill level 8 in Axes
  2157 | D:3      | Found a shattered altar of Ashenzari.
  2228 | D:3      | Found a blossoming altar of Fedhas.
  2310 | D:3      | Noticed a water elemental
  2311 | D:3      | Noticed an earth elemental
  2339 | D:3      | Reached XP level 7. HP: 52/62 MP: 7/7
  2548 | D:4      | Found a shadowy altar of Dithmenos.
  2592 | D:4      | Found Guilacyoq's Book Emporium.
  2723 | D:4      | Found a sacrificial altar of Ru.
  2893 | D:5      | Entered Level 5 of the Dungeon
  2965 | D:5      | Gained mutation: Your muscles are strong. (Str +2) [mutagenic meat]
  2968 | D:5      | Gained mutation: You are occasionally teleported to nearby monsters. [mutagenic meat]
  2985 | D:5      | Lost mutation: You are occasionally teleported to nearby monsters. [potion of cure mutation]
  2985 | D:5      | Lost mutation: Your muscles are strong. (Str +2) [potion of cure mutation]
  3144 | D:5      | Reached XP level 8. HP: 70/74 MP: 8/8
  3147 | D:5      | You fall through a shaft!
  3184 | D:6      | Reached skill level 9 in Axes
  3252 | D:5      | Found a sand-covered staircase.
  3257 | Ossuary  | Entered an ossuary
  3275 | Ossuary  | Reached skill level 10 in Axes
  3813 | D:4      | Found a basalt altar of Yredelemnul.
  3817 | D:4      | Reached skill level 5 in Armour
  4529 | D:6      | Noticed Prince Ribbit
  4605 | D:5      | Reached skill level 11 in Axes
  4611 | D:5      | Reached XP level 9. HP: 68/81 MP: 9/9
  4782 | D:6      | Found a bloodstained altar of Trog.
  4805 | D:6      | Reached skill level 12 in Axes
  5146 | D:6      | Killed Prince Ribbit
  5294 | D:2      | Became a worshipper of Warmaster Okawaru
  5571 | D:$      | Got out of the dungeon alive.

Action                   |  1- 3 |  4- 6 |  7- 9 || total
-------------------------+-------+-------+-------++-------
Melee: War axe           |    91 |   389 |   373 ||   853
  Use: Potion            |       |       |     5 ||     5
  Eat: Chunk             |       |     3 |    12 ||    15
       Beef jerky        |       |     1 |       ||     1
       Pizza             |       |       |     1 ||     1
       Fruit             |       |       |     2 ||     2
